 Dungeon Crawl Stone Soup version 0.24.1-4-ge52af88ad5 (webtiles) character file.

Game seed: 2712064275671679140, levelgen mode: deterministic

9465 Curus the Spear-Bearer (level 11, -1/81 HPs)
             Began as a Demonspawn Berserker on Apr 20, 2020.
             Was a High Priest of Trog.
             Slain by a five-headed hydra (10 damage)
             ... on level 2 of the Lair of Beasts.
             The game lasted 00:41:32 (8768 turns).

Curus the Spear-Bearer (Demonspawn Berserker)       Turns: 8768, Time: 00:41:32

Health: -1/81      AC: 15    Str: 17    XL:     11   Next: 23%
Magic:  16/16      EV: 13    Int:  9    God:    Trog [*****.]
Gold:   423        SH:  4    Dex: 16    Spells: 10/10 levels left

rFire    + . .     SeeInvis .   m - +0 spear (venom)
rCold    + . .     Gourm    .   A - +0 buckler
rNeg     . . .     Faith    .   n - +3 ring mail
rPois    .         Spirit   .   (no helmet)
rElec    .         Reflect  .   j - +0 cloak
rCorr    .         Harm     .   (no gloves)
MR       .....                  (no boots)
Stlth    +.........             (no amulet)
HPRegen  0.23/turn              d - +2 ring of slaying
MPRegen  0.15/turn              y - ring of protection from cold

@: no status effects
A: talons 1, iridescent scales 3, fire resistance 1, flame cloud immunity
a: Berserk, Trog's Hand, Brothers in Arms, Renounce Religion


You were on level 2 of the Lair of Beasts.
You worshipped Trog.
Trog was extremely pleased with you.
You were not hungry.

You visited 2 branches of the dungeon, and saw 11 of its levels.

You collected 423 gold pieces.

Inventory:

Hand Weapons
 a - a +0 hand axe
 g - a +0 war axe
 m - a +0 spear of venom (weapon)
 B - a +0 trident
Armour
 b - a +0 animal skin
 f - a +1 ring mail
 h - a +0 chain mail
 j - a +0 cloak (worn)
 n - a +3 ring mail (worn)
 A - a +0 buckler (worn)
Jewellery
 d - a +2 ring of slaying (left hand)
 e - an uncursed amulet of inaccuracy
 p - an uncursed ring of stealth
 s - an uncursed ring of stealth
 t - a +4 ring of evasion
 y - a ring of protection from cold (right hand)
Wands
 q - a wand of disintegration (15)
 r - a wand of digging (12)
 x - a wand of enslavement (9)
Scrolls
 i - 7 scrolls of identify
 k - 3 scrolls of teleportation
 u - 3 scrolls of remove curse
 z - a scroll of magic mapping
Potions
 l - 5 potions of curing
 o - 2 potions of haste
 w - 2 potions of magic
 C - a potion of heal wounds
Comestibles
 c - 15 rations
 v - 2 chunks of flesh


   Skills:
 - Level 6.0 Fighting
 - Level 5.8(9.5) Axes
 - Level 11.6(12.1) Polearms
 - Level 1.7 Armour
 - Level 5.0 Dodging
 + Level 1.2 Shields
 + Level 7.3 Evocations


You had 10 spell levels left.
You didn't know any spells.
Your spell library was empty.

Dungeon Overview and Level Annotations

Branches:
Dungeon (9/15)             Temple (0/1) D:5            Lair (2/6) D:9
  Swamp: Lair:2-4    Shoals: Lair:2-4     Snake: Lair:2-4    Spider: Lair:2-4
    Orc: D:9-12

Altars:
Cheibriados
Dithmenos
Gozag
Kikubaaqudgha
Makhleb
Vehumet


Innate Abilities, Weirdness & Mutations

You have sharp toenails.
You are completely covered in iridescent scales. (AC +6)
Your flesh is heat resistant. (rF+)
You are immune to clouds of flame.


Message History

The five-headed hydra bites you! The five-headed hydra bites you.
You puncture the five-headed hydra! Your kick misses the five-headed hydra.
The five-headed hydra is severely wounded.
You hit the five-headed hydra. You claw the five-headed hydra.
The five-headed hydra is severely wounded.
The five-headed hydra bites you but does no damage. x2
The five-headed hydra bites you! The five-headed hydra bites you.
The five-headed hydra barely misses you.
You hit the five-headed hydra. Your kick misses the five-headed hydra.
The five-headed hydra is almost dead.
You hit the five-headed hydra. You claw the five-headed hydra.
The five-headed hydra is almost dead.
The five-headed hydra bites you!
* * * LOW HITPOINT WARNING * * *
The five-headed hydra bites you.
* * * LOW HITPOINT WARNING * * *
The five-headed hydra bites you but does no damage.
The five-headed hydra barely misses you.
The five-headed hydra bites you!
You die...

# #P#P## ##.....######
#.....D@....#
............###
............>.#####
..................##
...................#
..................####
........#..........(.#
...##.####.....<....###
## ##...........##


You could see a five-headed hydra.

Vanquished Creatures
  A two-headed ogre (D:8)
  Pikel (D:8)
  Psyche (D:8)
  5 spiny frogs (Lair:1)
  2 rime drakes
  A komodo dragon (Lair:1)
  A hornet (D:8)
  2 hippogriffs
  9 yaks
  A basilisk (D:9)
  Menkaure (D:5)
  4 porcupines
  3 ogres
  An ice beast (D:6)
  A phantom (D:4)
  2 black bears (D:7)
  2 sky beasts
  A slave (D:8)
  3 wolves (Lair:2)
  2 centaurs
  5 crocodiles
  3 bullfrogs
  2 scorpions
  A water moccasin skeleton (D:4)
  5 killer bees (D:8)
  3 wights (D:8)
  2 bullfrog zombies
  Crazy Yiuf (D:5)
  2 jellies
  3 orc priests
  3 hounds
  4 bullfrog skeletons
  2 iguanas
  6 orc wizards
  7 worker ants
  A killer bee zombie (D:7)
  3 worker ant zombies
  7 adders
  5 shadow imps
  An ooze (D:3)
  3 adder skeletons
  5 adder zombies
  2 worms
  3 dart slugs
  6 leopard geckos
  40 orcs
  2 ball pythons (D:3)
  3 bats
  7 giant cockroaches
  6 hobgoblins
  10 jackals
  2 quokkas
  A giant cockroach zombie (D:4)
  7 goblins
  4 kobolds
  A quokka zombie (D:4)
  7 rats
219 creatures vanquished.

Vanquished Creatures (others)
  A fungus (D:9)
  4 plants (D:9)
5 creatures vanquished.

Grand Total: 224 creatures vanquished

Notes
Turn   | Place    | Note
-------+----------+-------------------------------------------
     0 | D:1      | Curus the Demonspawn Berserker began the quest for the Orb.
     0 | D:1      | Reached XP level 1. HP: 18/18 MP: 1/1
     2 | D:1      | Noticed a dwarf
     2 | D:1      | Noticed a demigod
     4 | D:1      | Noticed a merfolk
     4 | D:1      | Noticed a vine stalker
     6 | D:1      | Noticed a ghoul
     6 | D:1      | Noticed a draconian
     8 | D:1      | Noticed an octopode
     8 | D:1      | Noticed a naga
    10 | D:1      | Noticed a formicid
    10 | D:1      | Noticed a tengu
    12 | D:1      | Noticed a minotaur
    12 | D:1      | Noticed a troll
    14 | D:1      | Noticed a felid
    16 | D:1      | Noticed a human
    18 | D:1      | Noticed a centaur
    20 | D:1      | Noticed a demonspawn
    20 | D:1      | Noticed a gargoyle
    22 | D:1      | Noticed a halfling
    26 | D:1      | Noticed a vampire
    26 | D:1      | Noticed a spriggan
    28 | D:1      | Noticed an elf
    28 | D:1      | Noticed an ogre
    67 | D:1      | Gained mutation: You are partially covered in iridescent
                  | scales. (AC +2) [demonic ancestry]
    67 | D:1      | Reached XP level 2. HP: 10/24 MP: 2/2
   689 | D:1      | Reached XP level 3. HP: 29/29 MP: 3/3
   875 | D:2      | Reached ** piety under Trog
  1349 | D:3      | Found a snail-covered altar of Cheibriados.
  1553 | D:3      | Reached XP level 4. HP: 9/35 MP: 4/4
  1976 | D:3      | Reached skill level 5 in Axes
  2287 | D:3      | Gained mutation: Your flesh is heat resistant. (rF+)
                  | [demonic ancestry]
  2287 | D:3      | Reached XP level 5. HP: 32/41 MP: 5/5
  2917 | D:4      | Reached skill level 1 in Polearms
  3043 | D:4      | Gained mutation: You have sharp toenails. [demonic
                  | ancestry]
  3043 | D:4      | Reached XP level 6. HP: 22/47 MP: 6/6
  3044 | D:4      | Reached *** piety under Trog
  3044 | D:4      | Reached skill level 2 in Polearms
  3128 | D:4      | Found an ancient bone altar of Kikubaaqudgha.
  3337 | D:4      | Reached skill level 3 in Polearms
  3475 | D:4      | Reached skill level 4 in Polearms
  3580 | D:5      | Entered Level 5 of the Dungeon
  3584 | D:5      | Gained mutation: You are immune to clouds of flame.
                  | [demonic ancestry]
  3584 | D:5      | Reached XP level 7. HP: 42/52 MP: 7/7
  3598 | D:5      | Found a staircase to the Ecumenical Temple.
  3736 | D:5      | Reached skill level 5 in Polearms
  3756 | D:5      | Noticed Menkaure
  3761 | D:5      | Killed Menkaure
  4014 | D:5      | Found a runed translucent door.
  4015 | D:5      | Noticed Crazy Yiuf
  4126 | D:5      | Reached skill level 6 in Polearms
  4556 | D:5      | Found a radiant altar of Vehumet.
  4666 | D:5      | Killed Crazy Yiuf
  4707 | D:6      | Gained mutation: You are mostly covered in iridescent
                  | scales. (AC +4) [demonic ancestry]
  4707 | D:6      | Reached XP level 8. HP: 53/58 MP: 8/8
  4856 | D:6      | Found an opulent altar of Gozag.
  4958 | D:6      | Reached skill level 7 in Polearms
  5158 | D:6      | Noticed a hippogriff
  5164 | D:6      | Killed a hippogriff
  5276 | D:6      | Found a burning altar of Makhleb.
  5498 | D:7      | Reached skill level 8 in Polearms
  5561 | D:7      | Reached **** piety under Trog
  5725 | D:7      | Reached skill level 9 in Polearms
  5834 | D:7      | Found a shadowy altar of Dithmenos.
  6044 | D:8      | Reached XP level 9. HP: 63/63 MP: 9/9
  6182 | D:8      | Paralysed by a hornet for 1 turns
  6187 | D:8      | Reached skill level 10 in Polearms
  6404 | D:8      | Noticed Psyche
  6431 | D:8      | Killed Psyche
  6506 | D:8      | Noticed a two-headed ogre
  6519 | D:8      | Killed a two-headed ogre
  6519 | D:8      | Reached skill level 11 in Polearms
  6840 | D:8      | Noticed Pikel
  6856 | D:8      | Killed Pikel
  6856 | D:8      | Gained mutation: You are completely covered in iridescent
                  | scales. (AC +6) [demonic ancestry]
  6856 | D:8      | Reached XP level 10. HP: 52/71 MP: 10/10
  7256 | D:8      | Reached skill level 5 in Fighting
  7592 | D:9      | Noticed a two-headed ogre
  7606 | D:9      | Found a staircase to the Lair.
  7907 | D:9      | Reached ***** piety under Trog
  7923 | D:9      | Reached skill level 5 in Dodging
  7950 | Lair:1   | Entered Level 1 of the Lair of Beasts
  7950 | Lair:1   | Noticed a spiny frog
  7963 | Lair:1   | Killed a spiny frog
  7976 | Lair:1   | Noticed a spiny frog
  7988 | Lair:1   | Killed a spiny frog
  8006 | Lair:1   | Reached skill level 5 in Evocations
  8067 | Lair:1   | Noticed a spiny frog
  8077 | Lair:1   | Killed a spiny frog
  8085 | Lair:1   | Reached XP level 11. HP: 41/81 MP: 13/15
  8687 | Lair:2   | Reached skill level 1 in Shields
  8757 | Lair:2   | Noticed a five-headed hydra
  8768 | Lair:2   | Slain by a five-headed hydra

Levels and vault maps discovered:
D:1:      kb_arrival_jail, layout_basic
D:2:      layout_rooms, serial_bayou, serial_bayou_lake_a,
          serial_bayou_lagoon_a, serial_bayou_pond_c, serial_bayou_pond_d
D:3:      layout_basic, cheibriados_altar_1, first_ration
D:4:      layout_basic, kiku_gazebo_pond_becter, serial_undead, serial_undead_f,
          serial_undead_f, serial_undead_d, serial_undead_a
D:5:      layout_gridville, lemuel_coloured_pillars_altar,
          minmay_temple_entry_large_hall, uniq_menkaure, uniq_crazy_yiuf_cottage
D:6:      layout_basic, lemuel_doored_altar, overflow_temple_1_default
D:7:      layout_cave_pools, old_standard_altar
D:8:      layout_basic, uniq_pikel, uniq_psyche
D:9:      layout_big_octagon, minmay_lair_entry_grove, grunt_pizzeria
Lair:1:   layout_chaotic_city, minivault_11, minivault_23
Lair:2:   layout_cave_shapes, small_statue_intersection

Skill      XL: |  1  2  3  4  5  6  7  8  9 10 11 |
---------------+----------------------------------+-----
Axes           | 3 4 5 |  5.8
Polearms       | 1 4 6 9 11 | 11.6
Dodging        | 2 5 |  5.0
Fighting       | 6 |  6.0
Evocations     | 5 7 |  7.3
Shields        | 1 |  1.2
Armour         | |  1.7

Action                   |  1- 3 |  4- 6 |  7- 9 | 10-12 || total
-------------------------+-------+-------+-------+-------++-------
Melee: Hand axe          |   101 |       |       |       ||   101
       War axe           |    14 |   105 |       |       ||   119
       Spear             |       |   134 |   328 |   298 ||   760
       Kick              |       |    19 |    97 |   113 ||   229
Invok: Berserk           |       |     2 |     2 |     4 ||     8
       Trog's Hand       |       |       |     1 |     1 ||     2
Evoke: Wand              |       |       |     1 |       ||     1
  Use: Scroll            |     5 |     5 |     1 |     1 ||    12
       Potion            |     3 |     4 |     3 |       ||    10
 Stab: Sleeping          |     1 |       |     3 |       ||     4
       Invisible         |       |       |     1 |       ||     1
  Eat: Chunk             |     2 |     8 |    13 |     8 ||    31
       Ration            |       |       |       |     1 ||     1
Armor: Animal skin       |    21 |       |       |       ||    21
       Ring mail         |     9 |    53 |    88 |    71 ||   221
       Chain mail        |       |    87 |       |       ||    87
Dodge: Dodged            |    75 |    92 |   120 |   149 ||   436
Block: Buckler           |       |       |       |     5 ||     5
